 Dungeon Crawl Stone Soup version 0.16-a0-249-g5922f4d (webtiles) character file.

77 MRaven the Ruinous (level 4, -13/30 HPs)
             Began as a Demonspawn Wizard on Aug 22, 2014.
             Killed from afar by an orc wizard (15 damage)
             ... with a puff of flame
             ... on Level 2 of the Dungeon.
             The game lasted 00:13:24 (2862 turns).

MRaven the Ruinous (Demonspawn Wizard)              Turns: 2862, Time: 00:13:24

HP -13/30        AC  2     Str  8      XL: 4   Next: 14%
MP   4/9         EV 12     Int 20      God:
Gold 45          SH  0     Dex 11      Spells:  3 memorised,  2 levels left

rFire  . . .     SeeInvis .     l - +0 spear
rCold  . . .     Clarity  .     a - +0 robe
rNeg   . . .     rCorr    .     (no shield)
rPois  .         rRot     .     b - +0 hat
rElec  .         Spirit   .     (no cloak)
SustAb .         Warding  .     (no gloves)
rMut   .         Stasis   .     (no boots)
Gourm  +                        j - amulet of the gourmand
MR     .....                    (no ring)
                                (no ring)

@: not resistant to hostile enchantments, unstealthy
A: horns 2, demonic guardian 1
a: no special abilities


You were on level 2 of the Dungeon.
You were not hungry.

You visited 1 branch of the dungeon, and saw 3 of its levels.

You collected 45 gold pieces.

Inventory:

Hand weapons
 l - a +0 spear (weapon)
Missiles
 k - 4 stones (quivered)
Armour
 a - a +0 robe (worn)
 b - a +0 hat (worn)
Comestibles
 d - 2 bread rations
 i - 3 meat rations
 m - a slice of pizza
 n - a chunk of goblin flesh
Scrolls
 h - a scroll of teleportation
Jewellery
 j - an amulet of the gourmand (around neck)
Books
 c - a book of Minor Magic

   Spells                             Type                      Level
   *Magic Dart                        Conjuration                  1
   Blink                              Translocation                2
   Call Imp                           Summoning                    2
   Repel Missiles                     Charms/Air                   2
   Slow                               Hexes                        2
   *Conjure Flame                     Conjuration/Fire             3
   *Mephitic Cloud                    Conjuration/Poison/Air       3


   Skills:
 - Level 1.7 Dodging
 - Level 1.7 Stealth
 - Level 3.0 Spellcasting
 * Level 4.0 Conjurations
   Level 1.0 Summonings
   Level 0.8 Translocations


You had 2 spell levels left.
You knew the following spells:

 Your Spells              Type           Power        Failure   Level  Hunger
a - Magic Dart            Conj           ###.         2%          1    None
b - Conjure Flame         Conj/Fire      ##......     21%         3    ###....
c - Mephitic Cloud        Conj/Pois/Air  #.......     24%         3    ###....


Dungeon Overview and Level Annotations

Branches:
Dungeon (3/15)

Altars:
Fedhas
Makhleb


Innate Abilities, Weirdness & Mutations

You have a pair of horns on your head.
A weak demonic guardian rushes to your aid.


Message History

Press: ? - help, Shift-Dir - straight line, f - giant newt
Aim: a giant newt The magic dart hits the giant newt.
You kill the giant newt!
Something hits you.
* * * LOW HITPOINT WARNING * * *
You start resting.
Something barely misses you.
You start resting.
Something hits you but does no damage.
You start resting.
Something hits you but does no damage.
You start resting.
Something hits you but does no damage.
You start resting.
You hear some strange, mumbled words.
The puff of flame hits you!
* * * LOW HITPOINT WARNING * * *
You aren't carrying any potions.
Something hits you but does no damage.
You hear some strange, mumbled words.
The puff of flame hits you!
Ouch! That really hurt!
You die...

..# ##...####.#.###### .##
#.....#.._.......# .#
#.....#.#.#......# .#
#.....#..........# .#
#.....##.#.......# .#
#.....##.#>......#
.##########...###.........#
........)##).##...........#
.........##..##.@.........#
.........##......##.......#
..........#.##..###.......#
.................##..).####
....>......#..........##
.............#.........#
...........#...........#
#.#.....#.##.###......##
#...>.....##.# ##...#.#


There were no monsters in sight!

Vanquished Creatures
  2 adders (D:2)
  2 worms (D:2)
  A giant gecko (D:2)
  An ooze (D:2)
  An orc (D:3)
  3 ball pythons
  A giant cockroach (D:2)
  5 goblins
  3 hobgoblins
  4 jackals
  4 kobolds
  3 bats
  2 giant newts
  18 rats
50 creatures vanquished.

Notes
Turn   | Place    | Note
--------------------------------------------------------------
     0 | D:1      | MRaven, the Demonspawn Wizard, began the quest for the Orb.
     0 | D:1      | Reached XP level 1. HP: 13/13 MP: 4/4
   413 | D:1      | Gained mutation: You have a pair of small horns on your head. [demonic ancestry]
   413 | D:1      | Reached XP level 2. HP: 19/19 MP: 1/6
   623 | D:1      | Upgraded the game from 0.16-a0-246-ge4ca762 to 0.16-a0-249-g5922f4d
  1469 | D:2      | Gained mutation: You have a pair of horns on your head. [demonic ancestry]
  1469 | D:2      | Reached XP level 3. HP: 15/24 MP: 2/7
  2375 | D:2      | Found a blossoming altar of Fedhas.
  2554 | D:2      | Found a burning altar of Makhleb.
  2554 | D:2      | Noticed a cacodemon
  2558 | D:2      | Noticed a smoke demon
  2558 | D:2      | Noticed a neqoxec
  2652 | D:2      | Gained mutation: A weak demonic guardian rushes to your aid. [demonic ancestry]
  2652 | D:2      | Reached XP level 4. HP: 30/30 MP: 7/9
  2690 | D:2      | Reached skill level 4 in Conjurations
  2731 | D:2      | Learned a level 3 spell: Conjure Flame
  2735 | D:2      | Learned a level 3 spell: Mephitic Cloud
  2862 | D:2      | Killed from afar by an orc wizard

Action                   |  1- 3 |  4- 6 || total
-------------------------+-------+-------++-------
Melee: Whip              |    22 |       ||    22
       Spear             |     5 |     6 ||    11
 Cast: Magic Dart        |    95 |    11 ||   106
       Mephitic Cloud    |       |     1 ||     1
  Use: Scroll            |       |     4 ||     4
  Eat: Chunk             |     8 |     1 ||     9
